 Dungeon Crawl Stone Soup version 0.31-a0-986-g5e6e4ef867 (webtiles) character file.

Game seed: 14019267162667236971

3220 horus123 the Geomancer (level 9, 0/45 HPs)
             Began as a Deep Elf Earth Elementalist on Nov 4, 2023.
             Was a Follower of Vehumet.
             Slain by a tengu warrior
             ... wielding a +0 war axe
              (4 damage)
             ... on level 8 of the Dungeon.
             The game lasted 00:16:57 (7832 turns).

horus123 the Geomancer (DEEE)                       Turns: 7832, Time: 00:16:57

Health: 0/45       AC:  6    Str:  7    XL:     9   Next: 66%
Magic:  6/21       EV: 12    Int: 28    God:    Vehumet [*.....]
Gold:   415        SH:  5    Dex: 15    Spells: 1/22 levels left

rFire   . . .        d - +2 short sword (speed)
rCold   + . .        (no shield)
rNeg    . . .        J - +1 robe "Butaenuw" {rElec Str+2 Int+3}
rPois   .            C - +1 hat
rElec   +            r - +0 cloak
rCorr   .            H - +0 pair of gloves
SInv    +            (no boots)
Will    .....        l - amulet of reflection
Stlth   ++           m - ring of see invisible
HPRegen 0.27/turn    w - ring of protection from cold
MPRegen 0.17/turn

%: reflection
@: on blink cooldown
A: no striking features
a: Renounce Religion


You were on level 8 of the Dungeon.
You worshipped Vehumet.
Vehumet was aware of your devotion.
You visited 2 branches of the dungeon, and saw 9 of its levels.

You collected 415 gold pieces.

Inventory:

Hand Weapons
 d - a +2 short sword of speed (weapon)
Missiles
 j - 4 silver javelins
Armour
 a - a +0 robe
 r - a +0 cloak (worn)
 C - a +1 hat (worn)
 H - a +0 pair of gloves (worn)
 J - the +1 robe "Butaenuw" (worn) {rElec Str+2 Int+3}
   (You found it on level 7 of the Dungeon)

   Str+2:     It affects your strength (+2).
   Int+3:     It affects your intelligence (+3).
   rElec:     It insulates you from electricity.
 O - the +5 Storm Queen's Shield {shock, Fly rElec}
   (You found it on level 8 of the Dungeon)

   Shock:     When it blocks an attack, it may electrocute the attacker.
   This works even against foes who are a short distance away.
   rElec:     It insulates you from electricity.
   Fly:       It grants you flight.
Magical Staves
 p - a staff of cold
 q - a staff of fire
 E - a staff of poison
Jewellery
 l - an amulet of reflection (around neck)
 m - a ring of see invisible (left hand)
 w - a ring of protection from cold (right hand)
 x - an amulet of the acrobat
 y - an amulet of guardian spirit
 F - a ring of positive energy
 I - a ring of flight
 M - a +5 ring of evasion
Wands
 t - a wand of digging (6)
 z - a wand of polymorph (10)
 D - a wand of iceblast (5)
Scrolls
 c - 3 scrolls of fog
 g - 2 scrolls of fear
 i - a scroll of teleportation
 s - a scroll of torment {unknown}
 u - a scroll of blinking {unknown}
 A - a scroll of enchant weapon
 K - a scroll of vulnerability
 L - a scroll of amnesia {unknown}
 N - a scroll of enchant armour {unknown}
Potions
 b - 2 potions of magic
 e - 2 potions of might
 f - a potion of experience {unknown}
 h - 3 potions of mutation
 k - a potion of invisibility {unknown}
 n - a potion of attraction {unknown}
 o - a potion of heal wounds {unknown}
 v - 4 potions of curing {unknown}
 B - 2 potions of brilliance {unknown}
 G - 2 potions of resistance {unknown}
Miscellaneous
 P - a lightning rod (4/4)


   Skills:
 - Level 2.4 Dodging
 - Level 2.4 Stealth
 - Level 7.0 Spellcasting
 + Level 5.7 Conjurations
 - Level 7.2 Necromancy
 - Level 6.3 Transmutations
 - Level 4.0 Fire Magic
 - Level 8.2 Earth Magic


You had one spell level left.
You knew the following spells:

 Your Spells              Type           Power      Damage    Failure   Level
a - Sandblast             Erth           100%       2d20      1%          1
b - Passwall              Tmut/Erth      41%        N/A       1%          2
c - Stone Arrow           Conj/Erth      96%        3d13      1%          3
d - Brom's Barrelling Bo  Conj/Erth      48%        2d7       3%          4
e - Blink                 Tloc           18%        N/A       9%          2
f - Petrify               Tmut/Erth      50%        N/A       2%          4
g - Borgnjor's Vile Clut  Necr/Erth      26%        N/A       6%          5

Your spell library contained the following spells:

 Spells                   Type           Power      Damage    Failure   Level
 Shock                    Conj/Air       100%       1d9       1%          1
 Foxfire                  Conj/Fire      100%       2x1d9     1%          1
 Kiss of Death            Conj/Necr      100%       2d13      1%          1
 Magic Dart               Conj           100%       1d8       1%          1
 Momentum Strike          Conj/Tloc      50%        3d9       2%          2
 Dispel Undead            Necr           50%        3d19      2%          4
 Mephitic Cloud           Conj/Pois/Air  20%        N/A       8%          3
 Call Imp                 Summ           18%        N/A       9%          2
 Lesser Beckoning         Tloc           18%        N/A       9%          2
 Animate Armour           Summ/Erth      64%        N/A       10%         4
 Confusing Touch          Hex            9%         N/A       16%         3
 Alistair's Intoxication  Tmut/Pois      18%        N/A       38%         5
 Manifold Assault         Tloc           9%         N/A       47%         4
 Starburst                Conj/Fire      18%        6d7       75%         6
 Eringya's Noxious Bog    Tmut/Pois      13%        4d6       93%         6
 Plasma Beam              Fire/Air       10%        2x1d21    98%         6
 Death's Door             Necr           25%        N/A       100%        9


Dungeon Overview and Level Annotations

Branches:
Dungeon (8/15)             Temple (1/1) D:5
   Lair: D:8-11

Altars:
Cheibriados
Dithmenos
Elyvilon
Fedhas
Hepliaklqana
Kikubaaqudgha
Makhleb
Nemelex Xobeh
Sif Muna
Trog
Uskayaw
Vehumet
Wu Jian
Xom
Yredelemnul
Zin
The Shining One


Message History

A tengu warrior comes into view. It is wielding a +0 war axe.
Found a phantom mirror.
The tengu warrior shouts!
Casting: Sandblast (safe; 1% risk of failure)
Confirm with . or Enter, or press ? or * to list all spells.
You blink.
Casting: Blink (safe; 9% risk of failure)
Confirm with . or Enter, or press ? or * to list all spells.
Aiming: Petrify (dangerous; 2% risk of failure)
Press: ? - help, Shift-Dir - straight line, f - tengu warrior
Aim: a tengu warrior, wielding a +0 war axe, wearing a +0 ring mail and wearing a +0 buckler (chance to affect: 54%)
The tengu warrior resists with significant effort.
Casting: Petrify (dangerous; 2% risk of failure)
Confirm with . or Enter, or press ? or * to list all spells.
Aiming: Stone Arrow (safe; 1% risk of failure)
Press: ? - help, Shift-Dir - straight line, f/p - tengu warrior
Aim: a tengu warrior, wielding a +0 war axe, wearing a +0 ring mail and wearing a +0 buckler (57% to hit)
The stone arrow misses the tengu warrior.
You block the tengu warrior's attack. The tengu warrior barely misses you.
The tengu warrior claws you.
Casting: Stone Arrow (safe; 1% risk of failure)
Confirm with . or Enter, or press ? or * to list all spells.
Aiming: Stone Arrow (safe; 1% risk of failure)
Press: ? - help, Shift-Dir - straight line, f/p - tengu warrior
Aim: a tengu warrior, wielding a +0 war axe, wearing a +0 ring mail and wearing a +0 buckler (57% to hit)
The stone arrow hits the tengu warrior!!
The tengu warrior is moderately wounded.
The tengu warrior misses you. The tengu warrior pecks you.
The tengu warrior claws you.
Casting: Stone Arrow (safe; 1% risk of failure)
Confirm with . or Enter, or press ? or * to list all spells.
Aiming: Stone Arrow (safe; 1% risk of failure)
Press: ? - help, Shift-Dir - straight line, f/p - tengu warrior
Aim: a tengu warrior, wielding a +0 war axe, wearing a +0 ring mail and wearing a +0 buckler (moderately wounded, 57% to hit)
The stone arrow hits the tengu warrior!
The tengu warrior is heavily wounded.
The tengu warrior hits you with a +0 war axe!
* * * LOW HITPOINT WARNING * * *
The tengu warrior pecks you.
You die...

..#!.##.##..#..#.#
#............
..##..#.#..##..#.#
#............ #..#..###
#..##.####............
#..##..
#..#..##..............
##.. ..#
..##..##...>..........
.#..##..
#..#..###..............
.##..


.uB ##..# #.............. ..# #..####..........#### ..## ##..#@##..........#
#..# #..##Q##.........(# #..## ##..#..##..........# ##..# #..##.)##..........#
....# #......# ##### ######## You could see a tengu warrior.

Vanquished Creatures
  The ghost of Whiskey the Mimic, a novice OpSh of Gozag (D:7)
  A cyclops (D:8)
  2 hornets
  A wyvern (D:7)
  A water moccasin (D:7)
  3 black bears
  2 centaurs
  3 phantoms
  A kobold brigand (D:8)
  A scorpion (D:6)
  A bullfrog (D:6)
  5 hounds
  3 jellies
  2 orc priests
  A gnoll bouda (D:8)
  3 iguanas
  A sleepcap (D:5)
  Natasha (thrice) (D:4)
  An orc wizard (D:7)
  9 adders
  7 gnolls
  2 shadow imps
  A white imp (D:8)
  2 worms (D:3)
  3 dart slugs
  33 orcs
  6 ball pythons
  6 endoplasms
  2 giant cockroaches
  9 goblins
  9 hobgoblins
  11 kobolds
  8 quokkas
  8 bats
  2 frilled lizards
  9 rats
163 creatures vanquished.

Notes
Turn   | Place    | Note
-------+----------+-------------------------------------------
     0 | D:1      | horus123 the Deep Elf Earth Elementalist began the quest
                  | for the Orb.
     0 | D:1      | Reached XP level 1. HP: 10/10 MP: 6/6
   199 | D:1      | Found a faded altar of an unknown god.
   209 | D:1      | Reached XP level 2. HP: 15/15 MP: 7/9
   328 | D:1      | Learned a level 2 spell: Passwall
   371 | D:1      | Reached skill level 4 in Earth Magic
   782 | D:2      | Reached XP level 3. HP: 19/19 MP: 7/10
   873 | D:2      | Found a bloodstained altar of Trog.
  1111 | D:2      | Reached XP level 4. HP: 24/24 MP: 10/12
  1139 | D:2      | Reached skill level 5 in Earth Magic
  1182 | D:2      | Learned a level 3 spell: Stone Arrow
  1847 | D:3      | Reached skill level 6 in Earth Magic
  1847 | D:3      | Reached XP level 5. HP: 19/28 MP: 10/13
  2020 | D:3      | Reached skill level 1 in Conjurations
  2067 | D:3      | HP: 1/28 [orc/+0 dagger (1)]
  2229 | D:3      | Found a shimmering altar of Xom.
  2693 | D:4      | Identified the "Ucebbis"
  2950 | D:4      | Reached XP level 6. HP: 32/32 MP: 12/14
  3013 | D:4      | Reached skill level 5 in Spellcasting
  3050 | D:4      | Learned a level 4 spell: Brom's Barrelling Boulder
  3109 | D:4      | Noticed Natasha
  3114 | D:4      | Killed Natasha
  3120 | D:4      | Noticed Natasha
  3123 | D:4      | Killed Natasha
  3137 | D:4      | Noticed Natasha
  3141 | D:4      | Killed Natasha
  3595 | D:5      | Entered Level 5 of the Dungeon
  3601 | D:5      | Reached XP level 7. HP: 36/36 MP: 14/19
  3661 | D:5      | Reached skill level 1 in Fire Magic
  3800 | D:5      | Found a staircase to the Ecumenical Temple.
  3804 | Temple   | Entered the Ecumenical Temple
  3829 | Temple   | Became a worshipper of Vehumet
  4356 | D:5      | Learned a level 2 spell: Blink
  4390 | D:5      | Learned a level 4 spell: Petrify
  4980 | D:6      | Reached skill level 7 in Earth Magic
  5017 | D:6      | Reached XP level 8. HP: 36/41 MP: 16/20
  5217 | D:6      | Learned a level 5 spell: Borgnjor's Vile Clutch
  5227 | D:6      | Reached skill level 8 in Earth Magic
  5939 | D:7      | Noticed a hornet
  5943 | D:7      | Killed a hornet
  5944 | D:7      | Reached skill level 5 in Transmutations
  6032 | D:7      | Found a shadowy altar of Dithmenos.
  6422 | D:7      | Found a runed translucent door.
  6425 | D:7      | Noticed Whiskey's ghost (novice OpSh)
  6450 | D:7      | Killed Whiskey's ghost
  6451 | D:7      | Reached skill level 5 in Necromancy
  6451 | D:7      | Reached XP level 9. HP: 30/45 MP: 6/21
  6600 | D:7      | Identified the +1 robe "Butaenuw" {rElec Str+2 Int+3}
  7314 | D:8      | Reached * piety under Vehumet
  7314 | D:8      | Offered knowledge of Shock by Vehumet.
  7458 | D:8      | Found the +5 Storm Queen's Shield {shock, Fly rElec}
  7480 | D:8      | Noticed a cyan ugly thing
  7480 | D:8      | Noticed a boulder beetle
  7555 | D:8      | Noticed a cyclops
  7560 | D:8      | Killed a cyclops
  7561 | D:8      | Reached skill level 5 in Conjurations
  7826 | D:8      | Noticed a tengu warrior
  7832 | D:8      | Slain by a tengu warrior

Illustrated notes

Levels and vault maps discovered:
D:1:      dpeg_arrival_tiny_i, layout_basic, basic_ecumenical_altar
D:2:      layout_loops_ring, basic_altar, corexii_hall_statues_l, wad_orctagon
D:3:      layout_loops_cross, mainiacjoe_overflow_chevrons, minmay_pentangle
D:4:      layout_loops_ring, grunt_ministairs_7, uniq_natasha
D:5:      layout_loops_corners, minmay_temple_entry_glassed_door,
          nicolae_eternal_life
D:6:      layout_basic, nicolae_ossuary_entry_false_entrances
D:7:      layout_layer_cave, marbit_many_paths, ebering_ghost_reflecting_pool
D:8:      minmay_tri_box, layout_basic,
          chequers_temple_overflow_statue_of_worship, nicolae_ru_awakened_eye
Temple:   eino_temple_water

Skill      XL: |  1  2  3  4  5  6  7  8  9 |
---------------+----------------------------+-----
Spellcasting   | 4 7 |  7.0
Earth Magic    | 4 6 7 8 |  8.2
Conjurations   | 3 5 |  5.7
Fire Magic     | 4 |  4.0
Transmutations | 6 |  6.3
Necromancy     | 5 7 |  7.2
Dodging        | |  2.4
Stealth        | |  2.4

Action                     |  1- 3 |  4- 6 |  7- 9 || total
---------------------------+-------+-------+-------++-------
  Melee: Short sword       |       |     1 |       ||     1
   Cast: Sandblast         |    40 |   122 |    89 ||   251
         Stone Arrow       |       |       |    11 ||    11
         Petrify           |       |       |     4 ||     4
         Blink             |       |       |     1 ||     1
    Use: Scroll            |       |     9 |     1 ||    10
 Armour: Robe              |     3 |    43 |    37 ||    83
  Dodge: Dodged            |     9 |    40 |    21 ||    70
  Block: Other             |       |    14 |     9 ||    23
         Reflection        |       |       |     1 ||     1

Table legend: (Time is in decaauts)
 A = Elapsed time spent in this place.
 B = Non-inter-level travel time spent in this place.
 C = Inter-level travel time spent in this place.
 D = Time resting spent in this place.
 E = Time spent auto-exploring this place.
 F = Levels seen in this place.
 G = Mean time per level.
                   A        B        C        D        E       F      G
               +--------+--------+--------+--------+--------+-----+--------+
         Total |   7956 |   7785 |    171 |    660 |   5968 |   9 |  884.0 |
       Dungeon |   7917 |   7760 |    157 |    660 |   5968 |   8 |  989.6 |
        Temple |     39 |     25 |     14 |      0 |      0 |   1 |   39.0 |
               +--------+--------+--------+--------+--------+-----+--------+

Top non-repeatable levels by time:
     D:7: 1447 daAuts
     D:3: 1137 daAuts
     D:5: 1127 daAuts
     D:6: 1123 daAuts
     D:2: 915 daAuts
     D:4: 837 daAuts
     D:1: 784 daAuts
     D:8: 544 daAuts
  Temple: 39 daAuts
